 Dungeon Crawl Stone Soup version 0.27-a0-1177-g245c70e1c0 (webtiles) character file.

Game seed: 972631262517179590

650 Gargoyl the Skirmisher (level 7, -2/60 HPs)
             Began as a Gnoll Abyssal Knight on May 16, 2021.
             Was a Priest of Lugonu.
             Slain by an orc priest
             ... wielding a +2 trident of flaming
              (3 damage)
             ... on level 5 of the Dungeon.
             The game lasted 00:05:18 (4136 turns).

Gargoyl the Skirmisher (Gnoll Abyssal Knight)       Turns: 4136, Time: 00:05:19

Health: -2/60      AC: 12    Str: 13    XL:     7   Next: 53%
Magic:  20/20      EV: 14    Int: 15    God:    Lugonu [***...]
Gold:   152        SH:  5    Dex: 11    Spells: 11/11 levels left

rFire    + . .     SeeInvis .   a - +1 hand axe (elec)
rCold    + . .     Faith    .   (no shield)
rNeg     . . .     Spirit   .   f - +0 scale mail
rPois    +         Reflect  +   h - +1 helmet
rElec    +         Harm     .   m - +0 cloak
rCorr    +         Rampage  .   (no gloves)
Will     .....                  d - +0 pair of boots
Stlth    +.........             e - amulet "Lafutt" {Reflect Int+3 SH+5}
HPRegen  0.20/turn              c - +4 ring of evasion
MPRegen  0.17/turn              j - ring of magical power

@: resistant
A: fangs 1, strong nose, distributed training
a: Renounce Religion, Depart the Abyss, Bend Space, Banish


You were on level 5 of the Dungeon.
You worshipped Lugonu.
Lugonu was most pleased with you.
You visited 1 branch of the dungeon, and saw 5 of its levels.
You visited the Abyss 1 time.

You collected 152 gold pieces.

Inventory:

Hand Weapons
 a - a +1 hand axe of electrocution (weapon)
Armour
 d - a +0 pair of boots (worn)
 f - a +0 scale mail (worn)
 h - a +1 helmet (worn)
 m - a +0 cloak (worn)
Jewellery
 c - a +4 ring of evasion (left hand)
 e - the amulet "Lafutt" (around neck) {Reflect Int+3 SH+5}
   (You acquired it on level 2 of the Dungeon)

   [amulet of reflection]

   It reflects blocked missile attacks.
   It affects your intelligence (+3).
   It affects your SH (+5).
 j - a ring of magical power (right hand)
Wands
 i - a wand of charming (9)
 l - a wand of paralysis (11)
Scrolls
 b - a scroll of amnesia
 k - a scroll of magic mapping
 n - a scroll of brand weapon
Potions
 o - a potion of lignification {unknown}


   Skills:
 + Level 7.0 Fighting
 + Level 2.5 Short Blades
 + Level 2.5 Long Blades
 + Level 5.2 Axes
 + Level 2.5 Maces & Flails
 + Level 2.5 Polearms
 + Level 2.5 Staves
 + Level 2.5 Slings
 + Level 2.5 Bows
 + Level 2.5 Crossbows
 + Level 2.5 Throwing
 + Level 5.2 Armour
 + Level 3.6 Dodging
 + Level 2.5 Stealth
 + Level 2.5 Shields
 + Level 2.5 Unarmed Combat
 + Level 2.5 Spellcasting
 + Level 2.0 Conjurations
 + Level 2.0 Hexes
 + Level 2.0 Summonings
 + Level 2.0 Necromancy
 + Level 2.0 Translocations
 + Level 2.0 Transmutations
 + Level 2.0 Fire Magic
 + Level 2.0 Ice Magic
 + Level 2.0 Air Magic
 + Level 2.0 Earth Magic
 + Level 2.0 Poison Magic
 + Level 5.4 Invocations
 + Level 2.5 Evocations


You had 11 spell levels left.
You didn't know any spells.
Your spell library contained the following spells:

 Spells                   Type           Power      Damage    Failure   Level
 Confusing Touch          Hex            8%         N/A       73%         3
 Gell's Gravitas          Tloc           4%         N/A       73%         3
 Petrify                  Tmut/Erth      8%         N/A       98%         4
 Metabolic Englaciation   Hex/Ice        4%         N/A       100%        5
 Yara's Violent Unravell  Hex/Tmut       4%         3d4       100%        5


Dungeon Overview and Level Annotations

Branches:
Dungeon (5/15)
 Temple: D:4-7

Altars:

Shops:
D:2 ((   D:4 ?**[

Annotations:
D:5 Grinder


Innate Abilities, Weirdness & Mutations

You have very sharp teeth.
Your uncanny sense of smell can sniff out nearby items.
Your experience applies equally to all skills.


Message History

You can move again.
The orc priest shouts!
You hit Grinder but do no damage.
Grinder is severely wounded.
Grinder hits you!
You writhe in agony.
Unknown command.
You feel protected. Grinder gestures at you. Pain shoots through your body!
Your scale mail prevents you from hitting Grinder.
Grinder is severely wounded.
The orc priest calls down the wrath of Beogh upon you.
Beogh smites you!
* * * LOW HITPOINT WARNING * * *
Grinder blinks!
The orc hits you but does no damage. The orc priest closely misses you.
An orc comes into view. It is wielding a +0 flail.
The orc closely misses you.
You barely miss the orc. You hit the orc. The orc closely misses you.
The orc priest casts a cantrip, but nothing happens.
You hit the orc.
You kill the orc!
Lugonu accepts your kill.
You hit the orc. Lightning courses through the orc!
You kill the orc!
Lugonu accepts your kill. The orc priest barely misses you.
Grinder blinks!
The orc priest hits you with a +2 trident of flaming.
* * * LOW HITPOINT WARNING * * *
The orc priest burns you.
* * * LOW HITPOINT WARNING * * *
The orc priest invokes the aid of Beogh against you.
Beogh smites you!
* * * LOW HITPOINT WARNING * * *
Things that are here:
a +0 short sword; an orc corpse It was a potion of magic.
Magic courses through your body.
Grinder blinks!
The orc priest hits you with a +2 trident of flaming.
You die...

#.# #.##.#.# #..#####.#
#.###.##.#.####..#####.# ##
#......................# #.
#####.......###..#########.
#............#######...
#.##...................
#.##.##.#####.##.#.#.#.
#.#...#.# #.##.#.#.#.
#....o@)# #.#..#.#.#.
###..o### #.#.##.#.## #...#
#....#.#... #.o.#
#........## #...#
###.......# #...#
#..........# ..ยง..
...........# 5.....
....(......... .......
....#...###.#.


You could see Grinder, 2 orc priests and an orc.

Vanquished Creatures
  A black bear (D:4)
  2 ice beasts (D:5)
  An ogre (D:4)
  A water moccasin skeleton (D:5)
  A hound (D:5)
  A jelly (D:5)
  A bullfrog skeleton (D:5)
  A hound skeleton (D:4)
  Robin (D:2)
  3 adders
  2 adder skeletons (D:4)
  3 dart slugs
  6 orcs
  5 bats
  11 endoplasms
  4 giant cockroaches
  16 goblins
  6 hobgoblins
  2 quokkas
  5 ball pythons
  3 frilled lizards
  7 kobolds
  7 rats
90 creatures vanquished.

Vanquished Creatures (others)
  11 plants
11 creatures vanquished.

Grand Total: 101 creatures vanquished

Notes
Turn   | Place    | Note
-------+----------+-------------------------------------------
     0 | Abyss:1  | Gargoyl the Gnoll Abyssal Knight began the quest for the
                  | Orb.
     0 | Abyss:1  | Reached XP level 1. HP: 23/23 MP: 3/3
   145 | Abyss:1  | Noticed a jelly
   147 | D:1      | Escaped the Abyss
   252 | D:1      | Found a faded altar of an unknown god.
   279 | D:1      | Reached XP level 2. HP: 29/29 MP: 5/5
   282 | D:1      | Reached * piety under Lugonu
   487 | D:1      | Reached XP level 3. HP: 34/35 MP: 6/6
   752 | D:2      | Found Voaxteet's Antique Weapon Shop.
   753 | D:2      | Identified a scroll of acquirement
   753 | D:2      | Acquired the amulet "Lafutt" {Reflect Int+3 SH+5}
   937 | D:2      | Noticed Robin
   954 | D:2      | Killed Robin
   955 | D:2      | Reached skill level 1 in Short Blades
   955 | D:2      | Reached skill level 1 in Long Blades
   955 | D:2      | Reached skill level 1 in Maces & Flails
   955 | D:2      | Reached skill level 1 in Polearms
   955 | D:2      | Reached skill level 1 in Staves
   955 | D:2      | Reached skill level 1 in Slings
   955 | D:2      | Reached skill level 1 in Bows
   955 | D:2      | Reached skill level 1 in Crossbows
   955 | D:2      | Reached skill level 1 in Throwing
   955 | D:2      | Reached skill level 1 in Stealth
   955 | D:2      | Reached skill level 1 in Shields
   955 | D:2      | Reached skill level 1 in Unarmed Combat
   955 | D:2      | Reached skill level 1 in Spellcasting
   955 | D:2      | Reached skill level 1 in Evocations
  1226 | D:2      | Found Vemioq's Weapon Emporium.
  1237 | D:2      | Reached ** piety under Lugonu
  1240 | D:2      | Reached XP level 4. HP: 40/41 MP: 7/7
  2138 | D:3      | Reached skill level 1 in Conjurations
  2138 | D:3      | Reached skill level 1 in Hexes
  2138 | D:3      | Reached skill level 1 in Summonings
  2138 | D:3      | Reached skill level 1 in Necromancy
  2138 | D:3      | Reached skill level 1 in Translocations
  2138 | D:3      | Reached skill level 1 in Transmutations
  2138 | D:3      | Reached skill level 1 in Fire Magic
  2138 | D:3      | Reached skill level 1 in Ice Magic
  2138 | D:3      | Reached skill level 1 in Air Magic
  2138 | D:3      | Reached skill level 1 in Earth Magic
  2138 | D:3      | Reached skill level 1 in Poison Magic
  2710 | D:4      | Found Zunaefiat's Assorted Antiques.
  2934 | D:4      | Found Oten's Armour Emporium.
  2967 | D:4      | Reached XP level 5. HP: 47/47 MP: 8/8
  3022 | D:4      | Noticed a black bear
  3096 | D:4      | Found Ahoysul's Magic Scroll Emporium.
  3097 | D:4      | Noticed an ogre
  3099 | D:4      | Reached *** piety under Lugonu
  3104 | D:4      | Killed an ogre
  3105 | D:4      | Reached skill level 5 in Invocations
  3197 | D:4      | Found Vosus's General Store.
  3220 | D:5      | Entered Level 5 of the Dungeon
  3226 | D:5      | Reached XP level 6. HP: 33/53 MP: 9/9
  3375 | D:4      | Killed a black bear
  3376 | D:4      | Reached skill level 5 in Axes
  3376 | D:4      | Reached skill level 5 in Armour
  3951 | D:5      | Noticed an ice beast
  3959 | D:5      | Killed an ice beast
  3960 | D:5      | Reached skill level 7 in Fighting
  3960 | D:5      | Reached XP level 7. HP: 60/60 MP: 10/10
  4108 | D:5      | Noticed Grinder
  4125 | D:5      | Paralysed by Grinder for 4 turns
  4135 | D:5      | HP: 1/60 [orc priest/divine providence (12)]
  4136 | D:5      | Slain by an orc priest

Illustrated notes

Levels and vault maps discovered:
D:1:      giann_bridges, layout_rooms, ebering_ecumenical_altar_hall,
          hangedman_decor_lopped, glass_columns_a
D:2:      layout_loops_ring, serial_shops, shop, shop, uniq_robin
D:3:      layout_basic
D:4:      layout_loops_ring, serial_bayou, serial_bayou_lake_a,
          serial_bayou_shore_b, serial_bayou_pond_b, serial_bayou_pond_c,
          serial_bayou_pond_a, serial_shops, shop, nicolae_shop_waterfront,
          nicolae_shop_waterfront, shop
D:5:      layout_loops_cross, minmay_temple_entry_offerings, uniq_grinder

Skill      XL: |  1  2  3  4  5  6  7 |
---------------+----------------------+-----
Short Blades   | 1 2 |  2.5
Long Blades    | 1 2 |  2.5
Maces & Flails | 1 2 |  2.5
Polearms       | 1 2 |  2.5
Staves         | 1 2 |  2.5
Slings         | 1 2 |  2.5
Bows           | 1 2 |  2.5
Crossbows      | 1 2 |  2.5
Throwing       | 1 2 |  2.5
Stealth        | 1 2 |  2.5
Shields        | 1 2 |  2.5
Unarmed Combat | 1 2 |  2.5
Spellcasting   | 1 2 |  2.5
Evocations     | 1 2 |  2.5
Conjurations   | 1 2 |  2.0
Hexes          | 1 2 |  2.0
Summonings     | 1 2 |  2.0
Necromancy     | 1 2 |  2.0
Translocations | 1 2 |  2.0
Transmutations | 1 2 |  2.0
Fire Magic     | 1 2 |  2.0
Ice Magic      | 1 2 |  2.0
Air Magic      | 1 2 |  2.0
Earth Magic    | 1 2 |  2.0
Poison Magic   | 1 2 |  2.0
Dodging        | 3 |  3.6
Invocations    | 5 |  5.4
Axes           | 5 |  5.2
Armour         | 5 |  5.2
Fighting       | 7 |  7.0

Action                   |  1- 3 |  4- 6 |  7- 9 || total
-------------------------+-------+-------+-------++-------
Melee: Hand axe          |    89 |   151 |    27 ||   267
       Bite              |     5 |    11 |     2 ||    18
Invok: Depart the Abyss  |     1 |       |       ||     1
  Use: Scroll            |     1 |     5 |       ||     6
       Potion            |     1 |       |     2 ||     3
 Stab: Sleeping          |     1 |     2 |       ||     3
Armor: Leather armour    |    19 |    17 |       ||    36
       Scale mail        |       |    30 |    17 ||    47
Dodge: Dodged            |    84 |   102 |     9 ||   195
Block: Other             |     9 |    41 |     4 ||    54

Table legend: (Time is in decaauts)
 A = Elapsed time spent in this place.
 B = Non-inter-level travel time spent in this place.
 C = Inter-level travel time spent in this place.
 D = Time resting spent in this place.
 E = Time spent auto-exploring this place.
 F = Levels seen in this place.
 G = Mean time per level.
                   A        B        C        D        E       F      G
               +--------+--------+--------+--------+--------+-----+--------+
         Total |   4217 |   4013 |    204 |    122 |   3109 |   6 |  702.8 |
       Dungeon |   4068 |   3864 |    204 |    122 |   2964 |   5 |  813.6 |
         Abyss |    148 |    148 |      0 |      0 |    144 |   1 |  148.0 |
               +--------+--------+--------+--------+--------+-----+--------+

Top non-repeatable levels by time:
     D:4: 1075 daAuts
     D:3: 1004 daAuts
     D:2: 1002 daAuts
     D:1: 612 daAuts
     D:5: 374 daAuts
 Abyss:1: 148 daAuts
